 Dungeon Crawl Stone Soup version 0.23.2-30-g0e89c35649 (webtiles) character file.

Game seed: 8832677687698347966

42 dembora the Charmwright (level 3, 0/28 HPs)
             Began as a Merfolk Skald on June 23, 2019.
             Succumbed to an adder's poison
             ... on level 2 of the Dungeon.
             The game lasted 00:10:08 (1815 turns).

dembora the Charmwright (Merfolk Skald)             Turns: 1815, Time: 00:10:08

Health: 0/28       AC:  5    Str: 16    XL:     3   Next: 56%
Magic:  6/6        EV: 18    Int: 12    God:
Gold:   100        SH:  0    Dex: 27    Spells: 5/6 levels left

rFire    . . .     SeeInvis .   a - +0 spear
rCold    . . .     Gourm    .   (no shield)
rNeg     . . .     Faith    .   g - +0 ring mail
rPois    .         Spirit   .   (no helmet)
rElec    .         Reflect  .   (no cloak)
rCorr    .         Harm     .   (no gloves)
MR       .....                  (no boots)
Stlth    +++.......             (no amulet)
HPRegen  0.09/turn              f - +4 ring of dexterity
MPRegen  0.10/turn              o - +4 ring of dexterity

@: mighty, agile, lethally poisoned (0 -> -16)
A: change form in water, swift swim, stealthy swim
a: no special abilities


You were on level 2 of the Dungeon.
You were not hungry.

You visited 1 branch of the dungeon, and saw 3 of its levels.

You collected 100 gold pieces.

Inventory:

Hand Weapons
 a - a +0 spear (weapon)
Armour
 b - a +0 leather armour
 g - a +0 ring mail (worn)
Jewellery
 f - a +4 ring of dexterity (left hand)
 o - a +4 ring of dexterity (right hand)
Scrolls
 e - a scroll of fog
 i - a scroll of identify
 n - a scroll of random uselessness {unknown}
Potions
 c - a potion of might
 h - 2 potions of flight {unknown}
Comestibles
 d - a chunk of flesh


   Skills:
 + Level 2.4 Fighting
 + Level 3.5 Polearms
 + Level 1.1 Armour
 + Level 3.5 Dodging
 + Level 0.2 Stealth
 + Level 2.0 Spellcasting
 + Level 3.7 Charms


You had 5 spell levels left.
You knew the following spells:

 Your Spells              Type           Power        Failure   Level  Hunger
a - Infusion              Chrm           ##..         12%         1    ##.....

Your spell library contained the following spells:

 Spells                   Type           Power        Failure   Level  Hunger
 Song of Slaying          Chrm           ##......     17%         2    ###....
 Shroud of Golubria       Chrm/Tloc      #.........   36%         2    ###....
 Regeneration             Chrm/Necr      #.........   58%         3    ####...
 Spectral Weapon          Hex/Chrm       #.......     58%         3    ####...


Dungeon Overview and Level Annotations

Branches:
Dungeon (3/15)

Altars:
Qazlal


Message History

The adder poisons you! The adder bites you.
* * * LOW HITPOINT WARNING * * *
You are more poisoned.
The adder poisons you!
Sorry, you're not good enough to have a special ability.
You hit the adder.
The adder is severely wounded.
* * * LOW HITPOINT WARNING * * *
You feel sick. The adder bites you.
* * * LOW HITPOINT WARNING * * *
You are more poisoned.
The adder poisons you!
It was a potion of might.
You feel very mighty all of a sudden.
* * * LOW HITPOINT WARNING * * *
You feel sick. The adder bites you.
* * * LOW HITPOINT WARNING * * *
It was a potion of agility.
You feel agile all of a sudden.
You die...

*****########....#
*,,,,............#
*,,,,............#
*,,,,............#
*,,,,..........).#
*,,,,......).....#
*,,,,............#
*,,,,.......S..$.#
*,,,,$......@....#
*********(..<####....############
*,,,,,,,,...,,,,+!...'รท..........
*,*****,*.******#....########....
*,**,**,*,**,......###**##* #....
*,,,,**>,,,+.......+,,,,..#*#....
****,,,,,,*#.......#*****..*#....
****,,**#.......# *#.*#.... *,,,,*
#.......# #.##..(.


You could see an adder.

Vanquished Creatures
  An adder (D:2)
  2 dart slugs
  2 orcs (D:3)
  8 bats
  2 giant cockroaches
  A goblin (D:1)
  A hobgoblin (D:2)
  2 quokkas
  3 frilled lizards
  5 kobolds
  2 rats
29 creatures vanquished.

Notes
Turn   | Place    | Note
-------+----------+-------------------------------------------
     0 | D:1      | dembora the Merfolk Skald began the quest for the Orb.
     0 | D:1      | Reached XP level 1. HP: 16/16 MP: 3/3
   366 | D:1      | Reached XP level 2. HP: 22/22 MP: 5/5
  1045 | D:2      | Reached skill level 1 in Armour
  1299 | D:2      | Reached XP level 3. HP: 24/28 MP: 6/6
  1429 | D:2      | Found a stormy altar of Qazlal.
  1814 | D:2      | HP: 1/28 [adder (1)]
  1815 | D:2      | Succumbed to an adder's poison

Skill      XL: |  1  2 |
---------------+-------+-----
Armour         | 1 |  1.1
Dodging        | 3 |  3.5
Fighting       | |  2.4
Polearms       | |  3.5
Stealth        | |  0.2
Spellcasting   | |  2.0
Charms         | |  3.7

Action                   || total
-------------------------++-------
Melee: Spear             ||   169
  Use: Scroll            ||     7
       Potion            ||     2
  Eat: Ration            ||     1
Armor: Leather armour    ||    11
       Ring mail         ||    92
Dodge: Dodged            ||   178
